 Dungeon Crawl Stone Soup version 0.29.1-12-g30fa7ad0bf (webtiles) character file.

Game seed: 15553675761571163322

1696 styxcanada the Covert (level 8, -3/40 HPs)
             Began as a Spriggan Brigand on Dec 15, 2022.
             Was an Initiate of Gozag.
             Slain by a gnoll sergeant
             ... wielding a +1 spear of venom
              (11 damage)
             ... on level 7 of the Dungeon on Dec 16, 2022.
             The game lasted 00:30:37 (9299 turns).

styxcanada the Covert (Spriggan Brigand)            Turns: 9299, Time: 00:30:39

Health: -3/40      AC:  6    Str: 19    XL:     8   Next: 72%
Magic:  21/23      EV: 21    Int: 13    God:    Gozag
Gold:   535        SH:  0    Dex: 22    Spells: 12/14 levels left

rFire   + . .      SeeInvis +   F - +10 short sword "Sunopp" {vorpal, rF+ SInv}
rCold   . . .      Faith    .   (no shield)
rNeg    . . .      Spirit   .   r - +1 robe "Seojaog Reest" {MP+9 Dex+4}
rPois   .          Reflect  .   (helmet restricted)
rElec   .          Harm     .   c - +2 cloak
rCorr   .          Rampage  .   (gloves unavailable)
Will    +....                   (boots unavailable)
Stlth   +++++.....              (no amulet)
HPRegen 0.13/turn               n - +6 ring of strength
MPRegen 0.18/turn               y - +6 ring of strength

@: lethally poisoned (-3 -> -10), gold aura, very quick
A: very small, no large weapons, unfitting armour, see invisible, speed 3
a: Renounce Religion, Potion Petition, Call Merchant, Bribe Branch


You were on level 7 of the Dungeon.
You worshipped Gozag.
Gozag was pleased with you.
You visited 2 branches of the dungeon, and saw 8 of its levels.
You also visited: Sewer.

You collected 654 gold pieces.
You paid 119 gold pieces to Gozag.

Inventory:

Hand Weapons
 a - a +3 dagger
 F - the +10 short sword "Sunopp" (weapon) {vorpal, rF+ SInv}
   (You found it on level 6 of the Dungeon)

   It inflicts extra damage upon your enemies.
   rF:        It protects you from fire.
   SInv:      It lets you see invisible.
 G - a +2 sling
Missiles
 d - 20 poisoned darts (quivered)
 e - 9 curare-tipped darts
 h - 11 boomerangs
 k - 48 stones
Armour
 c - a +2 cloak (worn)
 r - the +1 robe "Seojaog Reest" (worn) {MP+9 Dex+4}
   (You found it on level 4 of the Dungeon)

   Dex:       It affects your dexterity (+4).
   MP:        It affects your magic capacity (+9).
Jewellery
 m - a ring of fire
 n - a +6 ring of strength (left hand)
 y - a +6 ring of strength (right hand)
 C - a ring of protection from cold
Wands
 f - a wand of digging (6)
 p - a wand of mindburst (32)
 t - a wand of flame (17)
 A - a wand of iceblast (7)
 D - a wand of quicksilver (4)
Scrolls
 b - a scroll of fear
 x - a scroll of fog
 z - a scroll of silence
Potions
 g - a potion of lignification
 i - 4 potions of heal wounds
 j - a potion of mutation
 l - a potion of curing
 o - 2 potions of magic
 q - a potion of flight
 s - 5 potions of haste
 u - a potion of might
 v - a potion of brilliance {unknown}
 B - a potion of attraction {unknown}


   Skills:
 * Level 3.1 Fighting
 + Level 4.5 Short Blades
 + Level 3.4 Throwing
 * Level 5.5 Dodging
 * Level 10.5 Stealth
 * Level 3.6 Spellcasting
 * Level 2.4 Conjurations
 * Level 2.7 Air Magic
 * Level 3.1 Evocations


You had 12 spell levels left.
You knew the following spells:

 Your Spells              Type           Power      Damage    Failure   Level
a - Static Discharge      Conj/Air       9%         3-5/arc   12%         2

Your spell library contained the following spells:

 Spells                   Type           Power      Damage    Failure   Level
 Sandblast                Erth           4%         2d4       22%         1
 Swiftness                Air            9%         N/A       22%         3
 Passwall                 Tmut/Erth      1%         N/A       32%         2
 Stone Arrow              Conj/Erth      10%        3d7       36%         3
 Silence                  Hex/Air        2%         N/A       98%         5
 Iron Shot                Conj/Erth      2%         9d2       100%        6
 Haunt                    Necr/Summ      1%         N/A       100%        7
 Infestation              Necr           1%         N/A       100%        8
 Animate Dead             Necr           Unusable   N/A       N/A         4

Dungeon Overview and Level Annotations

Branches:
Dungeon (7/15)             Temple (1/1) D:5           Sewer (visited)

Altars:
Cheibriados
Dithmenos
Elyvilon
Gozag
Kikubaaqudgha
Nemelex Xobeh
Vehumet
Yredelemnul
Zin
The Shining One

Shops:
D:3 =

Annotations:
D:7 1 runed translucent door, styxcanada's ghost, novice SpBr


Innate Abilities, Weirdness & Mutations

You are very small and have problems with some larger weapons.
You are too small for most types of armour.
You have supernaturally acute eyesight. (SInv)
You cover ground extremely quickly. (Speed+++)


Message History

You throw a poisoned dart. The poisoned dart hits the gnoll.
The gnoll is poisoned.
The gnoll is severely wounded.
You hit the gnoll.
You kill the gnoll!
The gnoll closely misses you.
Things that are here:
6 gold pieces; a +0 club You see here a poisoned dart.
Casting: Static Discharge (safe; 12% risk of failure)
Confirm with . or Enter, or press ? or * to list all spells.
The gnoll is struck by an arc of lightning!
The gnoll is heavily wounded.
The gnoll is struck by an arc of lightning.
The gnoll is moderately wounded.
The gnoll sergeant is struck by an arc of lightning!
The gnoll sergeant is moderately wounded.
The lightning grounds out.
The gnoll completely misses you. The gnoll barely misses you.
The gnoll completely misses you.
The gnoll sergeant hits you from afar with a +1 spear of venom!
You are poisoned.
You barely miss the gnoll.
The gnoll is heavily wounded.
You feel very sick. The gnoll barely misses you. The gnoll closely misses you.
The gnoll sergeant closely misses you.
You barely miss the gnoll.
The gnoll is heavily wounded.
You feel very sick. The gnoll misses you. The gnoll completely misses you.
The gnoll hits you from afar with a +0 spear.
The gnoll sergeant barely misses you.
You hit the gnoll.
You kill the gnoll!
You feel sick. The gnoll completely misses you.
The gnoll hits you from afar with a +0 spear.
* * * LOW HITPOINT WARNING * * *
The gnoll sergeant hits you from afar with a +1 spear of venom!
You die...
Your body crumbles into a pile of gold.

#...#......#..........'...
#...#$.....#..........#...
#...'......#..........#...
#...#......####..#.####...
######.........#####......
#.........# #......
#.gg......# #......
#.g.$.....# #......
#######...@.....# #......
#.........$.##### #######
#...........#
#...........#
#...........#
#...........#
#[..........#
#.......)...#
#############


You could see a gnoll sergeant and 2 gnolls.

Vanquished Creatures
  Duvessa (D:6)
  An ice beast (D:7)
  An ogre (D:7)
  A kobold brigand (Sewer)
  Blork the orc (D:6)
  2 bullfrogs (D:7)
  3 necrophages
  4 scorpions
  Dowan (D:6)
  A howler monkey (D:5)
  3 hounds
  An orc priest (D:4)
  4 iguanas
  3 orc wizards
  Robin (D:4)
  7 gnolls
  5 river rats
  12 adders
  A shadow imp (D:5)
  A white imp (D:5)
  2 ufetubi (D:5)
  10 orcs
  12 bats
  7 endoplasms
  3 giant cockroaches
  5 goblins
  14 hobgoblins
  8 jackals
  10 kobolds
  2 quokkas
  11 ball pythons
  A frilled lizard (D:1)
  9 rats
148 creatures vanquished.

Vanquished Creatures (others)
  18 plants
18 creatures vanquished.

Grand Total: 166 creatures vanquished

Notes
Turn   | Place    | Note
-------+----------+-------------------------------------------
     0 | D:1      | styxcanada the Spriggan Brigand began the quest for the
                  | Orb.
     0 | D:1      | Reached XP level 1. HP: 10/10 MP: 2/2
    38 | D:1      | Reached skill level 6 in Stealth
   141 | D:1      | Reached XP level 2. HP: 14/14 MP: 3/3
   219 | D:1      | Reached skill level 7 in Stealth
   299 | D:1      | Reached XP level 3. HP: 18/18 MP: 4/4
   551 | D:1      | Found a faded altar of an unknown god.
  1604 | D:2      | Got Foutuesh's Lectures on the Caves and Fog
  1608 | D:2      | Learned a level 2 spell: Static Discharge
  1739 | D:3      | Found Kinodoxo's Jewellery Shoppe.
  1757 | D:3      | Reached XP level 4. HP: 23/23 MP: 4/6
  1780 | D:3      | Reached skill level 8 in Stealth
  2205 | D:3      | Reached skill level 1 in Spellcasting
  2526 | D:4      | Identified the +1 robe "Seojaog Reest" {MP+9 Dex+4}
  2772 | D:4      | Identified the +1 helmet of Cazus {Int+6}
  2772 | D:4      | Noticed Robin
  2812 | D:4      | Killed Robin
  2813 | D:4      | Reached XP level 5. HP: 7/26 MP: 7/7
  3384 | D:4      | Found a glowing drain.
  3391 | Sewer    | Entered a sewer
  3677 | Sewer    | Reached XP level 6. HP: 16/30 MP: 9/9
  4101 | Sewer    | Reached skill level 1 in Air Magic
  5465 | D:5      | Entered Level 5 of the Dungeon
  5496 | D:5      | Reached skill level 9 in Stealth
  5496 | D:5      | Reached skill level 1 in Conjurations
  5511 | D:5      | You fall into a shaft and drop 1 floor!
  5661 | D:5      | Reached XP level 7. HP: 11/35 MP: 11/11
  6435 | D:5      | Reached skill level 1 in Evocations
  6760 | D:5      | Found a staircase to the Ecumenical Temple.
  6772 | Temple   | Entered the Ecumenical Temple
  6783 | Temple   | Became a worshipper of Gozag Ym Sagoz the Greedy
  7663 | D:6      | Noticed Blork the orc
  7712 | D:6      | Killed Blork the orc
  7713 | D:6      | Reached XP level 8. HP: 9/39 MP: 13/13
  7989 | D:6      | Identified the +10 short sword "Sunopp" {vorpal, rF+ SInv}
  8199 | D:6      | Noticed Dowan
  8202 | D:6      | Noticed Duvessa
  8240 | D:6      | Killed Duvessa
  8253 | D:6      | Killed Dowan
  8254 | D:6      | Reached skill level 5 in Dodging
  8254 | D:6      | Reached skill level 10 in Stealth
  8660 | D:6      | Found a glowing silver altar of Zin.
  8660 | D:6      | Found a white marble altar of Elyvilon.
  8662 | D:6      | Found a glowing golden altar of the Shining One.
  8946 | D:7      | Found a runed translucent door.
  8946 | D:7      | Noticed styxcanada's ghost (novice SpBr)
  9299 | D:7      | Slain by a gnoll sergeant

Illustrated notes

Levels and vault maps discovered:
D:1:      nicolae_arrival_washed_ashore, layout_basic,
          hellmonk_ecumenical_altar_slurped_away
D:2:      layout_basic
D:3:      layout_rooms, serial_shops, shop_fountains
D:4:      layout_loops_ring, portal_sewer_entry_e, uniq_robin
D:5:      layout_cave_pods, minmay_temple_entry_gardened_gates,
          minmay_misc_feat_hallway, minivault_23
D:6:      layout_basic, dreamdust_divine_triumvirate, serial_bayou_pond_d,
          uniq_blork_the_orc, uniq_duvessa
D:7:      layout_gridville, gammafunk_ghost_grave
Temple:   nicolae_temple_bog_church

Skill      XL: |  1  2  3  4  5  6  7  8 |
---------------+-------------------------+-----
Stealth        | 6 7 8 9 10 | 10.5
Dodging        | 2 4 5 |  5.5
Spellcasting   | 1 2 3 |  3.6
Fighting       | 2 3 |  3.1
Short Blades   | 3 4 |  4.5
Air Magic      | 1 2 |  2.7
Conjurations   | 1 2 |  2.4
Evocations     | 2 3 |  3.1
Throwing       | 3 |  3.4

Action                   |  1- 3 |  4- 6 |  7- 9 || total
-------------------------+-------+-------+-------++-------
Melee: Dagger            |    74 |   261 |    88 ||   423
       Punch             |       |     3 |     5 ||     8
       Short sword       |       |       |    37 ||    37
Throw: Dart              |     7 |    47 |    41 ||    95
 Cast: Static Discharge  |       |       |     4 ||     4
Evoke: Wand              |       |     4 |     2 ||     6
  Use: Scroll            |     4 |    10 |     8 ||    22
       Potion            |       |       |     1 ||     1
 Stab: Sleeping          |    17 |    16 |     9 ||    42
Armor: Robe              |     9 |    43 |    10 ||    62
Dodge: Dodged            |    40 |   193 |    99 ||   332
